 Dungeon Crawl Stone Soup version 0.24-a0-640-ge7cd8ce796 (webtiles) character file.

Game seed: 4729850574350727862, levelgen mode: deterministic

171 AntidotE the Skirmisher (level 5, -1/47 HPs)
             Began as a Minotaur Fighter on Sept 24, 2019.
             Slain by Grinder (5 damage)
             ... on level 3 of the Dungeon.
             The game lasted 00:16:33 (2928 turns).

AntidotE the Skirmisher (Minotaur Fighter)          Turns: 2928, Time: 00:16:34

Health: -1/47      AC:  8    Str: 26    XL:     5   Next: 26%
Magic:  4/4        EV: 10    Int:  5    God:
Gold:   125        SH:  4    Dex: 10    Spells: 4/4 levels left

rFire    + . .     SeeInvis .   a - +0 long sword
rCold    + . .     Gourm    .   m - +0 buckler
rNeg     . . .     Faith    .   p - +1 scale mail
rPois    .         Spirit   .   (helmet restricted)
rElec    .         Reflect  .   j - scarf {rC+ rF+}
rCorr    .         Harm     .   (no gloves)
MR       .....                  (no boots)
Stlth    ..........             (no amulet)
HPRegen  0.15/turn              (no ring)
MPRegen  0.09/turn              (no ring)

@: mighty, flying
A: retaliatory headbutt, horns 2
a: no special abilities


You were on level 3 of the Dungeon.
You were not hungry.

You visited 1 branch of the dungeon, and saw 3 of its levels.

You collected 125 gold pieces.

Inventory:

Hand Weapons
 a - a +0 long sword (weapon)
 s - a +3 quarterstaff of chaos
 t - a +0 mace
Armour
 c - a +0 shield
 j - a scarf of resistance (worn)
 m - a +0 buckler (worn)
 p - a +1 scale mail (worn)
 q - a +0 chain mail
Scrolls
 g - 2 scrolls of teleportation
 h - 2 scrolls of remove curse
 k - a scroll of amnesia
 l - a scroll of enchant armour
 o - 2 scrolls of identify
Potions
 n - a potion of haste {unknown}
 r - a potion of magic {unknown}
Comestibles
 f - 2 rations


   Skills:
 + Level 4.7 Fighting
 + Level 4.5 Long Blades
 - Level 4.0 Armour
 + Level 0.5 Stealth
 * Level 4.7 Shields


You had 4 spell levels left.
You didn't know any spells.
Your spell library was empty.

Dungeon Overview and Level Annotations

Branches:
Dungeon (3/15)

Altars:

Annotations:
D:3 Grinder


Innate Abilities, Weirdness & Mutations

You reflexively headbutt those who attack you in melee.
You have a pair of horns on your head.


Message History

It is a scroll of enchant armour.
Your +0 scale mail glows green for a moment.
You closely miss Grinder.
Grinder is heavily wounded.
Grinder hits you.
* * * LOW HITPOINT WARNING * * *
You hit Grinder. Your headbutt misses Grinder.
Grinder is severely wounded.
Grinder hits you.
* * * LOW HITPOINT WARNING * * *
You writhe in agony.
* * * LOW HITPOINT WARNING * * *
Okay, then.
As you read the scroll labeled HUCOYM TENO, it crumbles to dust.
It is a scroll of identify.
q - a +0 chain mail You block Grinder's attack.
You feel very mighty all of a sudden. Grinder hits you.
You die...

#.#####.##........
#..<# #<##....##..
###.# #.......# ..
#(# ####.........
#.######....##.#
#.....#######..#
#####....#....#
##.........##
#....@5.....#
#...........#
#...........#
##.........##
##...#...##
#########


You could see Grinder.

Vanquished Creatures
  Crazy Yiuf (D:2)
  Jessica (D:2)
  4 adders (D:2)
  An ooze (D:2)
  2 worms
  A dart slug (D:2)
  4 leopard geckos
  5 bats
  4 giant cockroaches
  6 goblins
  10 hobgoblins
  4 jackals (D:1)
  A quokka (D:2)
  6 frilled lizards
  5 kobolds
  6 rats
61 creatures vanquished.

Notes
Turn   | Place    | Note
-------+----------+-------------------------------------------
     0 | D:1      | AntidotE the Minotaur Fighter began the quest for the Orb.
     0 | D:1      | Reached XP level 1. HP: 19/19 MP: 0/0
   192 | D:2      | Reached XP level 2. HP: 18/27 MP: 1/1
   714 | D:1      | Reached XP level 3. HP: 33/33 MP: 2/2
  1237 | D:2      | Noticed Jessica
  1244 | D:2      | Killed Jessica
  1244 | D:2      | Reached XP level 4. HP: 12/41 MP: 3/3
  1840 | D:2      | Found a runed translucent door.
  1841 | D:2      | Noticed Crazy Yiuf
  2373 | D:2      | Reached XP level 5. HP: 47/47 MP: 4/4
  2569 | D:2      | Killed Crazy Yiuf
  2898 | D:3      | Noticed Grinder
  2915 | D:3      | Paralysed by Grinder for 6 turns
  2928 | D:3      | Slain by Grinder

Levels and vault maps discovered:
D:1:      onia_arrival_mini_maze_b, layout_loops_ring
D:2:      layout_basic, first_ration, minmay_quantized, uniq_crazy_yiuf_cottage,
          uniq_jessica
D:3:      layout_rooms, chequers_ecumenical_altar_island,
          minmay_misc_feat_encased, uniq_grinder

Skill      XL: |  1  2  3  4 |
---------------+-------------+-----
Fighting       | 4 |  4.7
Shields        | 4 |  4.7
Armour         | 4 |  4.0
Long Blades    | 3 4 |  4.5
Stealth        | |  0.5

Action                   |  1- 3 |  4- 6 || total
-------------------------+-------+-------++-------
Melee: Long sword        |    63 |    80 ||   143
       Headbutt          |    10 |    15 ||    25
  Use: Potion            |     1 |     2 ||     3
       Scroll            |       |     5 ||     5
  Eat: Ration            |     1 |     1 ||     2
Armor: Scale mail        |    23 |    26 ||    49
Dodge: Dodged            |    14 |    29 ||    43
Block: Shield            |    29 |     9 ||    38
       Buckler           |       |     7 ||     7
       Rpst.: Long sword |     2 |     7 ||     9

Table legend:
 A = Non-vault XP
 B = Vault XP
 C = Vault XP percentage of total XP
 D = Non-vault monster count
 E = Vault monster count
 F = Vault count percentage of total count
                 A         B        C        D         E       F
            +---------+---------+-------+---------+---------+-------
      Total |     145 |     100 |  40.8 |      55 |       6 |   9.8
            +---------+---------+-------+---------+---------+-------
        D:1 |      37 |       5 |  11.9 |      20 |       1 |   4.8
        D:2 |      98 |      95 |  49.2 |      29 |       5 |  14.7
        D:3 |      10 |       0 |   0.0 |       6 |       0 |   0.0
            +---------+---------+-------+---------+---------+-------
